Map: Dusk Towers

Players

Braionot - Winner!

  • Race: Protoss Protoss
  • League: Master

Behemoth

  • Race: Protoss Protoss
  • League: Diamond

VOD

Have the link to the VOD?

Description

Time

  • Played on: Dec. 26, 2015, 12:01 p.m.
  • Length: 15:09
Show
View Real Time Build Order
Export as new Build Order

Braionot Protoss - Winner!

Build Orders: Oracle Opening 

Get SALT Encoding   

  12  0:01  Probe (Chrono Boost)  
  13  0:11  Probe (Chrono Boost)  
  14  0:18  Pylon  
  14  0:22  Probe (Chrono Boost)  
  15  0:37  Probe (Chrono Boost)  
  15  0:38  Gateway  
  16  0:44  Assimilator  
  16  0:48  Probe (Chrono Boost)  
  17  1:13  Probe (Chrono Boost)  
  17  1:14  Gateway  
  18  1:24  Probe (Chrono Boost)  
  19  1:27  Cybernetics Core, Pylon  
  19  1:35  Probe (Chrono Boost)  
  20  1:41  Assimilator  
  20  1:46  Probe (Chrono Boost)  
  21  2:03  Adept x2  
  21  2:04  Warp Gate  
  21  2:08  Probe (Chrono Boost)  
  26  2:12  Pylon  
  26  2:19  Mothership Core (Chrono Boost)  
  28  2:46  Stargate  
  28  2:54  Probe (Chrono Boost)  
  29  3:12  Pylon  
  29  3:14  Nexus  
  24  3:36  Robotics Facility  
  22  3:43  Oracle (Chrono Boost)  
  22  3:45  Probe  
  26  3:57  Mothership Core  
  28  4:11  Stalker x2  
  29  4:31  Probe  
  29  4:32  Observer  
  29  4:33  Probe  
  29  4:38  Stalker  
  34  4:41  Stalker  
  34  4:42  Probe  
  34  4:45  Probe  
  38  4:53  Probe  
  38  4:57  Probe  
  40  5:01  Assimilator  
  40  5:03  Probe  
  41  5:09  Probe  
  41  5:12  Twilight Council  
  41  5:14  Probe  
  43  5:21  Probe  
  43  5:24  Probe  
  45  5:30  Assimilator  
  45  5:32  Immortal  
  45  5:33  Probe  
  45  5:35  Probe  
  51  5:45  Probe x2, Forge  
  53  5:51  Nexus  
  53  5:54  Blink (Chrono Boost)  
  53  5:56  Probe  
  53  5:58  Pylon  
  54  6:15  Probe  
  54  6:16  Probe  
  54  6:18  Warp Prism  
  56  6:22  Protoss Ground Weapons Level 1 (Chrono Boost)  
  58  6:26  Probe  
  58  6:28  Probe  
  60  6:34  Gateway  
  60  6:38  Probe  
  61  6:41  Probe  
  62  6:50  Pylon  
  62  6:51  Pylon  
  62  6:52  Pylon  
  62  7:02  Probe x2  
  62  7:05  Immortal  
  62  7:08  Probe  
  68  7:14  Probe x2  
  71  7:18  Probe  
  72  7:26  Probe x2  
  72  7:29  Probe  
  74  7:30  Gateway  
  74  7:31  Gateway x2, Pylon  
  74  7:35  Gateway  
  74  7:36  Pylon  
  75  7:39  Probe x2  
  75  7:40  Adept  
  75  7:41  Adept  
  75  7:44  Adept  
  83  7:54  Probe  
  83  7:55  Probe x2  
  86  7:59  Assimilator  
  86  8:03  Assimilator  
  86  8:04  Probe  
  86  8:05  Robotics Bay  
  86  8:07  Probe x2  
  86  8:09  Stalker x2  
  93  8:19  Probe  
  89  8:31  Stalker  
  89  8:32  Stalker x2  
  81  8:48  Stalker x4  
  71  8:57  Probe  
  71  8:58  Probe x2  
  71  9:02  Disruptor  
  77  9:03  Protoss Ground Weapons Level 2 (Chrono Boost)  
  77  9:07  Probe  
  78  9:10  Probe x2  
  78  9:14  Stalker  
  78  9:15  Stalker x3  
  88  9:18  Probe  
  88  9:22  Probe x2  
  91  9:28  Probe  
  92  9:34  Probe x2  
  97  9:39  Probe  
  98  9:46  Probe x2  
  98  9:49  Stalker x4  
  104  10:01  Observer  
  104  10:02  Photon Cannon  
  101  10:08  Pylon  
  99  10:19  Stalker  
  99  10:20  Stalker x5  
  109  10:34  Stalker  
  111  10:35  Photon Cannon  
  111  10:37  Photon Cannon  
  111  10:38  Photon Cannon  
  111  10:44  Disruptor  
  111  10:49  Dark Shrine  
  114  10:52  Gravitic Drive  
  114  10:59  Stalker  
  116  11:06  Pylon x2  
  116  11:08  Pylon  
  116  11:09  Pylon  
  116  11:10  Nexus  
  116  11:12  Assimilator  
  116  11:15  Assimilator  
  112  11:20  Disruptor  
  112  11:24  Stalker x5  
  112  11:25  Stalker x2  
  112  11:50  Protoss Ground Weapons Level 3 (Chrono Boost)  
  112  11:57  Immortal  
  116  12:05  Robotics Facility  
  114  12:36  Immortal (Chrono Boost), Pylon x2  
  118  12:37  Dark Templar x5  
  118  12:38  Dark Templar x2, Pylon  
  118  12:42  Archon x3  
  132  12:52  Immortal (Chrono Boost)  
  136  13:10  Gateway  
  136  13:12  Gateway  
  136  13:13  Dark Templar x4  
  136  13:14  Immortal (Chrono Boost), Gateway, Dark Templar x2  
  136  13:17  Gateway  
  136  13:19  Gateway  
  152  13:21  Gateway, Archon x2  
  152  13:22  Archon  
  152  13:23  Gateway  
  152  13:25  Stalker  
  158  13:27  Immortal (Chrono Boost)  
  158  13:43  Pylon x2  
  158  13:48  Immortal (Chrono Boost), Pylon  
  162  13:54  Dark Templar x3  
  162  13:55  Dark Templar x3  
  170  14:18  Immortal (Chrono Boost)  
  170  14:22  Immortal (Chrono Boost)  
  170  14:23  Stalker x5  
  182  14:40  Stalker x2  
  182  14:41  Stalker x4  
Show
View Real Time Build Order
Export as new Build Order

Behemoth Protoss 

Build Orders: Zealot Archon, Dark Templar Rush 

Get SALT Encoding   

  12  0:01  Probe (Chrono Boost)  
  13  0:12  Probe (Chrono Boost)  
  14  0:17  Pylon  
  14  0:22  Probe (Chrono Boost)  
  15  0:36  Forge  
  15  0:39  Probe (Chrono Boost)  
  16  1:05  Probe (Chrono Boost)  
  16  1:11  Gateway  
  16  1:12  Assimilator  
  16  1:17  Assimilator  
  16  1:18  Probe (Chrono Boost)  
  17  1:29  Probe (Chrono Boost)  
  18  1:39  Probe (Chrono Boost)  
  19  1:50  Probe (Chrono Boost)  
  19  1:51  Nexus  
  20  2:00  Cybernetics Core  
  20  2:11  Probe (Chrono Boost)  
  23  2:27  Pylon  
  23  2:29  Probe (Chrono Boost)  
  21  2:38  Warp Gate  
  21  2:40  Mothership Core (Chrono Boost)  
  23  2:50  Twilight Council  
  23  2:52  Stalker  
  23  2:55  Gateway  
  25  2:59  Probe (Chrono Boost)  
  26  3:09  Probe (Chrono Boost)  
  27  3:12  Photon Cannon  
  27  3:30  Dark Shrine  
  27  3:31  Probe (Chrono Boost)  
  24  3:46  Mothership Core (Chrono Boost)  
  26  3:49  Probe (Chrono Boost)  
  28  4:02  Probe (Chrono Boost)  
  28  4:04  Probe (Chrono Boost)  
  28  4:05  Pylon  
  29  4:13  Probe (Chrono Boost)  
  29  4:15  Probe (Chrono Boost)  
  29  4:16  Photon Cannon  
  31  4:18  Pylon  
  31  4:23  Probe (Chrono Boost)  
  31  4:25  Probe (Chrono Boost)  
  28  4:34  Probe (Chrono Boost)  
  28  4:36  Probe (Chrono Boost)  
  30  4:45  Probe (Chrono Boost), Dark Templar x2  
  35  4:48  Probe (Chrono Boost)  
  36  4:55  Probe (Chrono Boost)  
  36  4:58  Probe (Chrono Boost)  
  38  5:03  Pylon  
  38  5:06  Probe (Chrono Boost)  
  39  5:09  Probe (Chrono Boost)  
  40  5:16  Probe (Chrono Boost)  
  40  5:19  Probe (Chrono Boost)  
  42  5:21  Robotics Facility  
  42  5:27  Probe (Chrono Boost), Protoss Ground Weapons Level 1  
  39  5:30  Probe (Chrono Boost), Assimilator  
  39  5:34  Assimilator  
  40  5:37  Probe (Chrono Boost)  
  40  5:42  Probe (Chrono Boost)  
  42  5:48  Gateway  
  42  5:50  Gateway  
  42  5:53  Probe x2 (Chrono Boost)  
  44  6:01  Pylon  
  44  6:03  Probe (Chrono Boost)  
  45  6:09  Observer (Chrono Boost)  
  46  6:16  Charge (Chrono Boost)  
  46  6:24  Gateway x2  
  46  6:25  Immortal (Chrono Boost)  
  46  6:26  Gateway  
  46  6:29  Gateway  
  49  6:50  Pylon  
  49  6:52  Photon Cannon  
  49  6:57  Warp Prism  
  49  6:58  Dark Templar x2  
  53  7:04  Pylon  
  53  7:05  Archon  
  55  7:08  Protoss Ground Weapons Level 2  
  55  7:14  Zealot  
  55  7:15  Zealot  
  61  7:18  Pylon  
  61  7:21  Pylon  
  61  7:28  Zealot  
  61  7:29  Zealot  
  63  7:38  Gateway  
  63  7:40  Pylon  
  63  7:43  Zealot x5  
  63  7:44  Zealot  
  75  8:13  Dark Templar x2  
  75  8:14  Stalker x2  
  75  8:15  Stalker  
  85  8:26  Warp Prism  
  87  8:31  Dark Templar x3  
  83  8:38  Archon  
  83  8:39  Zealot x2  
  57  8:58  Dark Templar  
  59  9:27  Nexus  
  59  9:33  Dark Templar  
  59  9:34  Dark Templar x3  
  65  9:44  Protoss Ground Weapons Level 3  
  53  9:54  Warp Prism  
  55  10:02  Zealot x4  
  55  10:03  Zealot x2  
  67  10:10  Dark Templar  
  67  10:11  Zealot x2  
  69  10:34  Dark Templar  
  69  10:35  Pylon, Zealot x5  
  78  10:36  Zealot x2  
  84  10:44  Archon  
  84  10:52  Observer  
  85  11:00  Dark Templar  
  85  11:01  Dark Templar, Zealot x2  
  85  11:02  Zealot x3  
  99  11:10  Archon  
  99  11:12  Zealot x2  
  95  11:25  Warp Prism  
  81  11:41  Dark Templar  
  81  11:42  Dark Templar  
  81  11:43  Zealot x4  
  81  11:44  Zealot  
  95  11:48  Dark Templar  
  95  11:50  Probe x2  
  99  11:54  Assimilator  
  99  11:56  Archon  
  99  12:00  Archon  
  99  12:07  Dark Templar x2  
  103  12:13  Protoss Ground Armor Level 1  
  101  12:32  Warp Prism  
  103  12:38  Nexus  
  103  12:39  Archon  
  103  12:41  Sentry, Zealot  
  103  12:42  Zealot x4  
  115  12:51  Dark Templar  
  117  12:55  Adept x2  
  121  13:00  Probe  
  121  13:02  Probe x2  
  124  13:10  Archon, Assimilator  
  124  13:11  Probe  
  125  13:14  Probe x2  
  127  13:27  Dark Templar x3  
  127  13:33  Pylon  
  133  13:35  Pylon  
  133  13:39  Archon  
  133  13:50  Dark Templar, Observer  
  133  13:51  Dark Templar, Zealot  
  133  13:52  Zealot  
  142  13:58  Stalker x2  
  142  14:01  Dark Templar  
  142  14:02  Zealot  
  150  14:15  Dark Templar  
  128  15:01  Dark Templar  
  128  15:02  Zealot x5  
  128  15:03  Zealot x3  
Tags
 
Add a new tag
Caveats
  • Supply blocks, unpowered buildings, or Contaminate may cause inaccurate times.
  • Supply counts are checked every 10 seconds.